 Dungeon Crawl Stone Soup version 0.22-a0-280-g69bf1f3 (webtiles) character file.

3240 varam the Grappler (level 9, -16/92 HPs)
             Began as a Troll Monk on Mar 16, 2018.
             Was a Priest of Cheibriados.
             Demolished by a two-headed ogre
             ... wielding a +0 giant spiked club
              (23 damage)
             ... on level 8 of the Dungeon.
             The game lasted 00:22:56 (5768 turns).

varam the Grappler (Troll Monk)                     Turns: 5768, Time: 00:22:56

Health: -16/92     AC:  7    Str: 34    XL:     9   Next: 67%
Magic:  7/9        EV: 14    Int: 17    God:    Cheibriados [***...]
Gold:   419        SH:  0    Dex: 20    Spells: 8/8 levels left

rFire    . . .     SeeInvis .     - Unarmed
rCold    . . .     Gourm    +   (no shield)
rNeg     . . .     Faith    .   a - +0 robe
rPois    +         Spirit   .   y - +2 hat
rElec    .         Reflect  .   (no cloak)
rCorr    .         Harm     .   (gloves unavailable)
MR       .....                  (boots unavailable)
Stlth    ++........             (no amulet)
HPRegen  0.65/turn              h - ring of poison resistance
MPRegen  0.11/turn              (no ring)

@: mighty, very slightly contaminated, very slow
A: large, unfitting armour, claws 3, fast metabolism 3, gourmand, regeneration
1, shaggy fur 1, tough skin 2
a: Bend Time, Temporal Distortion, Renounce Religion


You were on level 8 of the Dungeon.
You worshipped Cheibriados.
Cheibriados was most pleased with you.
You were not hungry.

You visited 2 branches of the dungeon, and saw 9 of its levels.

You collected 419 gold pieces.

Inventory:

Armour
 a - a +0 robe (worn)
 r - a cursed +0 robe
 y - a +2 hat (worn)
 C - a +2 robe of magic resistance
Magical Staves
 v - an uncursed staff of power {unknown}
Jewellery
 c - an uncursed ring of flight
 h - a ring of poison resistance (left claw)
 i - an uncursed ring of wizardry {unknown}
 o - an uncursed ring of stealth
Wands
 q - a wand of digging (19)
 w - a wand of flame (34)
Scrolls
 f - 3 scrolls of blinking
 g - 2 scrolls of identify
 j - 3 scrolls of fear
 k - 2 scrolls of random uselessness
 t - 2 scrolls of immolation
 x - 4 scrolls of amnesia
 z - a scroll of enchant weapon
 A - a scroll of enchant armour {unknown}
Potions
 e - 2 potions of heal wounds
 l - 2 potions of brilliance {unknown}
 m - 4 potions of lignification
 n - a potion of agility {unknown}
 p - 2 potions of mutation {unknown}
 s - 2 potions of haste
 u - a potion of degeneration {unknown}
 B - 3 potions of invisibility {unknown}
Comestibles
 b - 21 rations


   Skills:
 * Level 6.4 Fighting
 * Level 1.9 Throwing
 + Level 0.1 Armour
 * Level 6.3 Dodging
 - Level 1.0 Stealth
 + Level 9.2 Unarmed Combat
 * Level 1.8 Invocations


You had 8 spell levels left.
You didn't know any spells.

Dungeon Overview and Level Annotations

Branches:
Dungeon (8/15)             Temple (1/1) D:6
   Lair: D:8-11

Altars:
Ashenzari
Cheibriados
Dithmenos
Elyvilon
Fedhas
Gozag
Hepliaklqana
Nemelex Xobeh
Ru
Sif Muna
Trog
Uskayaw
Vehumet
Wu Jian
Xom
Yredelemnul
Zin
The Shining One

Annotations:
D:6 exclusion: downstairs


Innate Abilities, Weirdness & Mutations

You are too large for most types of armour.
You have claws for hands.
Your metabolism is lightning-fast.
You like to eat raw meat.
Your natural rate of healing is unusually fast.
You are covered in fur. (AC +1)
You have very tough skin. (AC +2)


Message History

Okay, then.
Okay, then.
Blink to where?
Press: ? - help, Dir - move target cursor You are very lightly contaminated with residual magic.
As you read the scroll of blinking, it crumbles to dust.
Okay, then.
As you read the scroll of identify, it crumbles to dust.
e - 3 potions of heal wounds You feel much better.
You feel very mighty all of a sudden.
A two-headed ogre is nearby!
You barely miss the two-headed ogre. You claw the two-headed ogre!
The two-headed ogre is heavily wounded.
You mangle the two-headed ogre!!
The two-headed ogre is almost dead.
The two-headed ogre hits you with a giant spiked club!!
* * * LOW HITPOINT WARNING * * *
The two-headed ogre hits you with a giant spiked club!!
You die...

..............#
..............#
..........#'###
........(.#...#
......#####...#
#.....#. #..#####
.....+..##..##..##
.. #....O......#
##+##@......#
#..##..#######
.##..##..##....#
...............# #
.##............# .
. #..##..##....# ..
##..##..##....# ..
#...#.........##...
#...'.........##...


You could see a two-headed ogre.

Vanquished Creatures
  2 hungry ghosts (D:7)
  Eustachio (D:4)
  Menkaure (D:7)
  An orc warrior (D:7)
  2 sky beasts
  2 black bears
  4 centaurs
  3 ogres
  A big kobold (D:8)
  2 bullfrogs (D:7)
  A scorpion (D:2)
  A water moccasin skeleton (D:7)
  5 killer bees
  A howler monkey (D:4)
  4 wights (D:7)
  A crimson imp (D:5)
  5 hounds
  A centaur skeleton (D:4)
  3 orc priests
  4 orc wizards
  A jelly (D:6)
  Ijyb (D:3)
  Natasha (thrice) (D:4)
  Terence (D:3)
  An iguana (D:7)
  4 worker ants
  A hound zombie (D:5)
  2 hound skeletons
  4 gnolls
  A worker ant zombie (D:5)
  9 adders
  A shadow imp (D:6)
  5 worms
  2 dart slugs
  8 leopard geckos
  11 orcs
  3 giant cockroaches
  4 goblins
  8 hobgoblins
  10 jackals
  2 quokkas
  3 ball pythons
  7 bats
  6 frilled lizards
  2 jackal skeletons
  A jackal zombie (D:2)
  9 kobolds
  A quokka skeleton (D:7)
  12 rats
168 creatures vanquished.

Notes
Turn   | Place    | Note
-------+----------+-------------------------------------------
     0 | D:1      | varam the Troll Monk began the quest for the Orb.
     0 | D:1      | Reached XP level 1. HP: 22/22 MP: 0/0
    94 | D:1      | Reached XP level 2. HP: 25/29 MP: 1/1
   333 | D:1      | Reached skill level 4 in Unarmed Combat
   591 | D:2      | Reached XP level 3. HP: 36/36 MP: 2/2
   843 | D:2      | Reached XP level 4. HP: 41/44 MP: 3/3
   946 | D:2      | Reached skill level 5 in Unarmed Combat
   961 | D:2      | Found a faded altar of an unknown god.
  1089 | D:2      | Found a transporter.
  1091 | D:2      | Found a transporter.
  1097 | D:2      | Found a sparkling altar of Nemelex Xobeh.
  1408 | D:2      | Reached XP level 5. HP: 47/50 MP: 4/4
  1470 | D:3      | Noticed Ijyb
  1473 | D:3      | Killed Ijyb
  1473 | D:3      | Reached skill level 6 in Unarmed Combat
  1842 | D:3      | Noticed Terence
  1854 | D:3      | Killed Terence
  1854 | D:3      | Reached XP level 6. HP: 59/59 MP: 5/5
  1936 | D:3      | Found a glowing silver altar of Zin.
  1936 | D:3      | Found a deep blue altar of Sif Muna.
  2154 | D:4      | Noticed Natasha
  2159 | D:4      | Reached skill level 7 in Unarmed Combat
  2169 | D:4      | Killed Natasha
  2270 | D:4      | Noticed Natasha
  2278 | D:4      | Killed Natasha
  2286 | D:4      | Noticed Eustachio
  2306 | D:4      | Killed Eustachio
  2306 | D:4      | Reached skill level 8 in Unarmed Combat
  2306 | D:4      | Reached XP level 7. HP: 56/66 MP: 6/6
  2393 | D:4      | Noticed Natasha
  2408 | D:4      | Killed Natasha
  2657 | D:5      | Entered Level 5 of the Dungeon
  2728 | D:5      | Reached skill level 9 in Unarmed Combat
  2827 | D:5      | Reached skill level 3 in Fighting
  2917 | D:5      | Got a brightly glowing whip
  2923 | D:5      | Identified the cursed +0 whip "Fuboq" {protect, +Blink Dex+5} (You found it on level 5 of the Dungeon)
  3365 | D:5      | Found a shadowy altar of Dithmenos.
  3455 | D:7      | Noticed a hungry ghost
  3490 | D:6      | Found a shimmering altar of Xom.
  3515 | D:6      | Reached XP level 8. HP: 50/78 MP: 7/7
  3523 | D:6      | Reached skill level 4 in Fighting
  3579 | D:6      | Found a staircase to the Ecumenical Temple.
  3595 | Temple   | Entered the Ecumenical Temple
  4169 | D:5      | Reached skill level 5 in Fighting
  4282 | Temple   | Became a worshipper of Cheibriados the Contemplative
  4282 | Temple   | Reached * piety under Cheibriados
  4282 | Temple   | Reached ** piety under Cheibriados
  4320 | D:6      | HP: 7/80 [killer bee (7)]
  4327 | D:6      | HP: 7/121 [poisoned by a killer bee]
  4336 | D:6      | HP: 11/121 [poisoned by a killer bee]
  4510 | D:7      | Reached skill level 6 in Fighting
  4545 | D:7      | Reached skill level 3 in Dodging
  4627 | D:7      | Noticed Menkaure
  4632 | D:7      | Killed Menkaure
  4666 | D:7      | Reached skill level 4 in Dodging
  4671 | D:7      | Reached XP level 9. HP: 73/89 MP: 8/8
  4768 | D:7      | Reached skill level 5 in Dodging
  4930 | D:6      | Reached skill level 6 in Dodging
  5006 | D:7      | Reached *** piety under Cheibriados
  5008 | D:7      | Reached skill level 1 in Throwing
  5021 | D:7      | Reached skill level 1 in Invocations
  5296 | D:7      | Found a hide-covered altar of Uskayaw.
  5303 | D:7      | Noticed a dagger
  5304 | D:7      | Noticed a dagger
  5753 | D:8      | Noticed a two-headed ogre
  5757 | D:8      | HP: 9/92 [two-headed ogre/giant spiked club (24)]
  5768 | D:8      | HP: 7/92 [two-headed ogre/giant spiked club (31)]
  5768 | D:8      | Demolished by a two-headed ogre

Vault maps used:
D:1:      noname_arrival_rooms_in_the_neighbourhood, nrook_loot_triangle
D:2:      gammafunk_temple_overflow_arena, chequers_ecumenical_altar_lobes
D:3:      gammafunk_temple_overflow_elements, first_ration, uniq_terence,
          uniq_ijyb
D:4:      minmay_mini_jars, uniq_eustachio, uniq_natasha
D:5:      lemuel_coloured_pillars_altar
D:6:      minmay_temple_entry_trees, basic_altar
D:7:      dancing_weapons_uskayaw, uniq_menkaure
D:8:      basic_altar, serial_shops, shop
Temple:   dshaligram_water_room_temple

Skill      XL: |  1  2  3  4  5  6  7  8  9 |
---------------+----------------------------+-----
Unarmed Combat | 4 5 6 8 9 |  9.2
Fighting       | 3 6 |  6.4
Dodging        | 4 6 |  6.3
Throwing       | 1 |  1.9
Invocations    | 1 |  1.8
Armour         | |  0.1
Stealth        | |  1.0

Action                   |  1- 3 |  4- 6 |  7- 9 || total
-------------------------+-------+-------+-------++-------
Melee: Unarmed           |   103 |   138 |   231 ||   472
       Punch             |     1 |     3 |    20 ||    24
       Whip              |       |       |    72 ||    72
Invok: Bend Time         |       |       |     2 ||     2
Evoke: Wand              |       |       |     2 ||     2
  Use: Scroll            |       |       |    12 ||    12
       Potion            |       |       |     7 ||     7
 Stab: Sleeping          |     3 |       |     4 ||     7
       Distracted        |       |       |     1 ||     1
  Eat: Chunk             |    13 |    14 |    32 ||    59
Armor: Robe              |    24 |    51 |   101 ||   176
       Skin              |       |       |     3 ||     3
Dodge: Dodged            |    45 |    70 |   176 ||   291

Table legend:
 A = Spawn XP
 B = Non-spawn XP
 C = Spawn XP percentage of total XP
 D = Spawn monster count
 E = Non-spawn monster count
 F = Spawn count percentage of total count
 G = Total turns spent on level
                    A         B        C        D         E        F      G
               +---------+---------+-------+---------+---------+-------+---------
         Total |       0 |    4629 |   0.0 |       0 |     168 |   0.0 |  5768
               +---------+---------+-------+---------+---------+-------+---------
           D:1 |       0 |      40 |   0.0 |       0 |      27 |   0.0 |   565
           D:2 |       0 |     197 |   0.0 |       0 |      30 |   0.0 |  1013
           D:3 |       0 |     187 |   0.0 |       0 |      20 |   0.0 |   653
           D:4 |       0 |     626 |   0.0 |       0 |      23 |   0.0 |   677
           D:5 |       0 |     428 |   0.0 |       0 |      18 |   0.0 |   919
           D:6 |       0 |     786 |   0.0 |       0 |      12 |   0.0 |   902
           D:7 |       0 |    2076 |   0.0 |       0 |      29 |   0.0 |   836
           D:8 |       0 |     289 |   0.0 |       0 |       9 |   0.0 |   114
               +---------+---------+-------+---------+---------+-------+---------
